 Dungeon Crawl Stone Soup version 0.23.2-30-g0e89c35649 (webtiles) character file.

Game seed: 16958709401810005173

22 doot the Caller (level 2, 0/15 HPs)
             Began as a Tengu Summoner on June 17, 2019.
             Slain by an adder (5 damage)
             ... on level 2 of the Dungeon.
             The game lasted 00:02:48 (1032 turns).

doot the Caller (Tengu Summoner)                    Turns: 1032, Time: 00:02:49

Health: 0/15       AC:  2    Str:  8    XL:     2   Next: 91%
Magic:  6/6        EV: 12    Int: 15    God:
Gold:   37         SH:  0    Dex: 14    Spells: 2/5 levels left

rFire    . . .     SeeInvis .   i - +2 spear (vamp)
rCold    . . .     Gourm    .   (no shield)
rNeg     . . .     Faith    .   a - +0 robe
rPois    .         Spirit   .   (helmet restricted)
rElec    .         Reflect  .   (no cloak)
rCorr    .         Harm     .   (no gloves)
MR       .....                  (boots unavailable)
Stlth    ++........             k - amulet of the acrobat
HPRegen  0.05/turn              (no ring)
MPRegen  0.10/turn              (no ring)

@: lethally poisoned (0 -> -6)
A: beak, talons 3
a: no special abilities


You were on level 2 of the Dungeon.
You were not hungry.

You visited 1 branch of the dungeon, and saw 2 of its levels.

You collected 37 gold pieces.

Inventory:

Hand Weapons
 b - a +0 hand axe
 g - a +0 spear
 i - a +2 vampiric spear (weapon)
Armour
 a - a +0 robe (worn)
Jewellery
 k - an amulet of the acrobat (around neck)
Scrolls
 d - a scroll of immolation {unknown}
 e - 4 scrolls of identify {unknown}
 j - a scroll of fog {unknown}
 l - a scroll of fear {unknown}
Potions
 h - a potion of haste {unknown}
 m - a potion of curing {unknown}
Comestibles
 c - 3 rations


   Skills:
 + Level 0.4 Polearms
 + Level 2.2 Dodging
 + Level 2.2 Stealth
 + Level 2.1 Spellcasting
 + Level 5.5 Summonings


You had 2 spell levels left.
You knew the following spells:

 Your Spells              Type           Power        Failure   Level  Hunger
a - Summon Small Mammal   Summ           ###.         2%          1    #......
b - Call Imp              Summ           ###.....     3%          2    ###....

Your spell library contained the following spells:

 Spells                   Type           Power        Failure   Level  Hunger
 Call Canine Familiar     Summ           ###.....     7%          3    ###....
 Summon Guardian Golem    Hex/Summ       #.......     22%         3    ###....
 Summon Ice Beast         Ice/Summ       #.......     56%         4    #####..
 Summon Lightning Spire   Summ/Air       #.......     56%         4    #####..


Dungeon Overview and Level Annotations

Branches:
Dungeon (2/15)

Altars:

Annotations:
D:2 Natasha


Innate Abilities, Weirdness & Mutations

You have a beak for a mouth.
You have claws for feet.


Message History

Press: ? - help, Dir - move target cursor, f - adder
Aim: an adder (resting)
You reach to attack!
The helpless adder fails to defend itself.
You hit the adder.
The adder is moderately wounded.
The adder bites you.
You are poisoned.
The adder poisons you!
You hit the adder.
The adder is severely wounded.
You feel sick. The adder bites you.
You closely miss the adder. Your peck misses the adder.
The adder is severely wounded.
The adder bites you. The adder barely misses you.
Unknown command.
You miss the adder. Your kick misses the adder. You peck the adder.
The adder is almost dead.
You feel sick. The adder bites you.
You die...

###....[.####..........
....##................##
.##.##.................#
###.##..................
.......................#
.......................#
......#.#..............#
........................
........>.......@.......
.......##.......S......#
.......................#
..................#.....
........#.........##....
##.#รท..######.#....
.... ##....## #.######
#.. ###...# #.# ..
.)...########.#


You could see an adder.

Vanquished Creatures
  2 giant cockroaches (D:1)
  4 goblins
  3 hobgoblins
  6 bats (D:1)
  2 frilled lizards (D:1)
  2 kobolds (D:1)
19 creatures vanquished.

Vanquished Creatures (collateral kills)
  A frilled lizard (D:1)
  A goblin (D:1)
2 creatures vanquished.

Grand Total: 21 creatures vanquished

Notes
Turn   | Place    | Note
-------+----------+-------------------------------------------
     0 | D:1      | doot the Tengu Summoner began the quest for the Orb.
     0 | D:1      | Reached XP level 1. HP: 10/10 MP: 4/4
    27 | D:1      | Reached skill level 5 in Summonings
   282 | D:1      | Reached XP level 2. HP: 15/15 MP: 6/6
   290 | D:1      | Learned a level 2 spell: Call Imp
   743 | D:2      | Noticed Natasha
  1032 | D:2      | Slain by an adder

Skill      XL: |  1 |
---------------+----+-----
Summonings     | 5 |  5.5
Polearms       | |  0.4
Dodging        | |  2.2
Stealth        | |  2.2
Spellcasting   | |  2.1

Action                   || total
-------------------------++-------
Melee: Unarmed           ||    10
       Hand axe          ||     8
       Kick              ||    13
       Spear             ||    42
       Peck              ||     3
 Cast: Summon Small Mamm ||     3
 Stab: Sleeping          ||     7
  Eat: Ration            ||     2
Armor: Robe              ||    16
Dodge: Dodged            ||    37
